 Dungeon Crawl Stone Soup version 0.31.0-12-g77e489cdc1 (console) character file.

Game seed: 14686749287143222318

31387 Piptro the Cleaver (level 13, -1/142 HPs)
             Began as a Formicid Fighter on Feb 25, 2024.
             Was a High Priest of Hepliaklqana.
             Slain by a skeletal warrior
             ... wielding a +0 glaive
              (9 damage)
             ... on level 13 of the Dungeon on Feb 26, 2024.
             The game lasted 02:13:29 (13893 turns).

Piptro the Cleaver (Formicid Fighter)              Turns: 13893, Time: 02:13:30

Health: -1/142     AC: 26    Str: 22    XL:     13   Next: 96%
Magic:  20/20      EV:  2    Int: 13    God:    Hepliaklqana [*****.]
Gold:   843        SH: 19    Dex: 14    Spells: 12/12 levels left

rFire   + . .        R - +3 battleaxe (heavy)
rCold   x . .        s - +2 kite shield {rPois}
rNeg    . . .        g - melded +6 acid dragon scales "Zosuw" {-Tele rN+ rCorr Str+8}
rPois   +            (helmet unavailable)
rElec   .            b - melded +2 cloak {rCorr}
rCorr   .            l - melded +2 pair of gloves {infuse}
SInv    .            (boots currently unavailable)
Will    +....        C - amulet of reflection
Stlth   +            T - +5 ring of evasion
HPRegen 0.43/turn    y - ring of fire
MPRegen 0.17/turn

%: reflection, clarity
@: tree-form (expiring)
A: stationary, stasis, torment immunity, boosted hp, reduced essence, permanent
stasis, dig shafts and tunnels, (antennae 3), four strong arms, clarity, clever
1
a: Renounce Religion, Recall Ancestor, Ancestor Identity, Transference, Idealise


You were on level 13 of the Dungeon.
You worshipped Hepliaklqana.
Hepliaklqana was extremely pleased with you.
You were a tree.
You visited 1 branch of the dungeon, and saw 13 of its levels.
You also visited: Gauntlet.

You collected 843 gold pieces.

Inventory:

Hand Weapons
 R - a +3 heavy battleaxe (weapon)
Missiles
 u - 12 silver javelins
 D - 37 poisoned darts
 F - 5 curare-tipped darts
 O - 5 javelins
Armour
 b - a +2 cloak of preservation (melded)
 g - the +6 acid dragon scales "Zosuw" (melded) {-Tele rN+ rCorr Str+8}
   (You took it off a minotaur in a Gauntlet)

   Str+8:     It affects your strength (+8).
   rN+:       It protects you from negative energy.
   -Tele:     It prevents most forms of teleportation.
   rCorr:     It protects you from acid and corrosion.
 l - a +2 pair of gloves of infusion (melded)
 s - a +2 kite shield of poison resistance (worn)
Magical Staves
 e - a staff of earth
Jewellery
 c - a ring of poison resistance
 h - a ring of resist corrosion
 i - a ring of positive energy
 m - a ring of fire
 q - a +5 ring of evasion
 t - a ring of flight
 x - an amulet of magic regeneration
 y - a ring of fire (right branch)
 C - an amulet of reflection (around neck)
 E - a ring of ice
 T - a +5 ring of evasion (left branch)
 U - a +4 ring of slaying
Wands
 k - a wand of iceblast (17)
 r - a wand of polymorph (1)
 v - a wand of flame (45)
 H - a wand of paralysis (9)
 I - a wand of digging (3)
Scrolls
 d - a scroll of noise
 A - 8 scrolls of revelation
 N - a scroll of immolation
Potions
 f - 4 potions of curing
 j - 3 potions of mutation
 n - a potion of enlightenment {unknown}
 o - 3 potions of magic
 p - a potion of attraction
 G - a potion of lignification {unknown}
 J - 2 potions of cancellation {unknown}
 S - a potion of might
 V - a potion of brilliance {unknown}
Miscellaneous
 a - a phial of floods (inert)


   Skills:
 - Level 11.0 Fighting
 - Level 13.2 Axes
 * Level 12.6 Armour
 + Level 11.4 Shields
 + Level 10.5 Invocations


You had 12 spell levels left.
You didn't know any spells.
Your spell library contained the following spells:

 Spells                   Type           Power      Damage    Failure   Level
 Kiss of Death            Conj/Necr      0%         2d5       47%         1
 Sandblast                Erth           0%         2d4       47%         1
 Call Imp                 Summ           0%         N/A       63%         2
 Ensorcelled Hibernation  Hex/Ice        0%         N/A       63%         2
 Sublimation of Blood     Necr           0%         N/A       63%         2
 Confusing Touch          Hex            0%         N/A       85%         3
 Passwall                 Erth           0%         N/A       85%         3
 Stone Arrow              Conj/Erth      0%         3d7       85%         3
 Anguish                  Hex/Necr       0%         N/A       99%         4
 Animate Armour           Summ/Erth      0%         N/A       99%         4
 Brom's Barrelling Bould  Conj/Erth      0%         2d3       99%         4
 Dispel Undead            Necr           0%         3d6       99%         4
 Ignite Poison            Fire/Alch      0%         N/A       99%         4
 Sticky Flame             Fire/Alch      0%         2d4       99%         4
 Arcjolt                  Conj/Air       0%         1d10      100%        5
 Haunt                    Necr/Summ      0%         N/A       100%        7
 Summon Hydra             Summ           0%         N/A       100%        7
 Discord                  Hex            0%         N/A       100%        8
 Ignition                 Fire           0%         3d3       100%        8
 Lehudib's Crystal Spear  Conj/Erth      0%         10d2      100%        8
 Maxwell's Capacitive Co  Air            0%         ∞         100%        8
 Swiftness                Air            Unusable   N/A       N/A         3
 Vhi's Electric Charge    Tloc/Air       Unusable   N/A       N/A         4

Dungeon Overview and Level Annotations

Branches:
Dungeon (13/15)            Temple (0/1) D:7            Lair (0/5) D:10
    Orc (0/2) D:9         Gauntlet (visited)
 Vaults: D:13-14

Altars:
Hepliaklqana
Xom
Zin

Shops:
D:6 *

Annotations:
D:10 6 transporters


Innate Abilities, Weirdness & Mutations

You are a tree.
Your roots penetrate the ground, keeping you stationary.
You cannot be teleported.
You are immune to unholy pain and torment.
Your maximum health is greatly increased.
Your equipment is partially melded.
Your life essence is reduced to manifest your ancestor. (-10% HP)
You cannot be hasted, slowed, berserked, paralysed or teleported.
You can dig through walls and to a lower floor.
((You have a pair of large antennae on your head. (SInv)))
Your four strong arms can wield two-handed weapons with a shield.
You possess an exceptional clarity of mind.
Your mind is acute. (Int +4, Str/Dex -1)


Message History

Moving in this stuff is going to be slow.
The spriggan is engulfed in water.
The skeletal warrior hits you but does no damage.
Biznutticus the G casts a spell at the skeletal warrior.
The puff of frost hits the skeletal warrior but does no damage.
The skeletal warrior hits you with a +2 dire flail of protection.
* * * LOW HITPOINT WARNING * * *
You slash the skeletal warrior!
The skeletal warrior is heavily damaged.
The skeletal warrior hits you from afar with a +0 glaive.
* * * LOW HITPOINT WARNING * * *
The skeletal warrior hits you but does no damage.
The deep elf pyromancer mumbles some strange words.
The deep elf pyromancer blinks!
The skeletal warrior splashes around in the water. x2
You completely miss the skeletal warrior.
The skeletal warrior is heavily damaged.
The spriggan is no longer waterlogged.
You block the skeletal warrior's attack.
The skeletal warrior splashes around in the water.
You block the skeletal warrior's attack.
You slice the skeletal warrior!!
The skeletal warrior is almost destroyed.
You hear a shout!
You block the skeletal warrior's attack.
The deep elf pyromancer casts a spell.
The deep elf pyromancer blinks!
You block the skeletal warrior's attack.
The skeletal warrior splashes around in the water.
You block the skeletal warrior's attack.
You closely miss the skeletal warrior.
The skeletal warrior is almost destroyed.
Biznutticus the G casts a spell at the skeletal warrior.
The puff of frost hits the skeletal warrior but does no damage.
You block the skeletal warrior's attack. x2
The skeletal warrior hits you with a +2 dire flail of protection!!
* * * LOW HITPOINT WARNING * * *
You feel better.
The skeletal warrior hits you from afar with a +0 glaive!
You die... #.####.# ......# .....# ..e.# , ZZZ., Ziz#

#z#
#♣#
#R#
#.#
#.#
#.##
#..#
##.#
#.#
#.#


You could see the friendly biznutticus the G the battlemage, 2 skeletal
warriors, a deep elf pyromancer (distracted), a spriggan, 2 centaur warrior
zombies and a meliai zombie.

Vanquished Creatures
  Gastronok (D:8)
  A minotaur (Gauntlet)
  The ghost of jimmypageman the Severer, a journeyman MiFi of Okawaru (D:12)
  A green death (Gauntlet)
  Erolcha (D:9)
  A boulder beetle (D:12)
  A two-headed ogre (D:8)
  Erica (D:8)
  A dancing weapon (D:12)
  3 death yaks (Gauntlet)
  2 arcanists (Gauntlet)
  A shining eye (Gauntlet)
  An ugly thing (D:13)
  Maurice (D:8)
  A manticore (D:11)
  2 cyclopes (D:12)
  A black mamba (shapeshifter) (D:13)
  An unseen horror (D:11)
  An orange demon (Gauntlet)
  Jeremiah (D:8)
  A gargoyle (D:11)
  2 trolls
  A hornet (D:7)
  2 glass eyes (Gauntlet)
  Prince Ribbit (D:8)
  2 wraiths
  A basilisk (D:12)
  A wyvern (D:8)
  A shadow (D:12)
  19 yaks
  2 steam dragons
  A warg (D:9)
  Grum (D:8)
  3 vampire mosquitoes
  Edmund (D:4)
  Menkaure (D:5)
  3 acid dragons
  2 water moccasins
  An orc warrior (D:5)
  2 laughing skulls (D:11)
  2 ogres
  3 wolves
  8 centaurs
  4 lemures (D:8)
  7 kobold brigands
  2 wights (D:10)
  2 killer bees
  2 howler monkeys
  3 bombardier beetles
  A jelly (D:6)
  A gnoll bouda (D:8)
  3 orc priests
  2 hounds (D:4)
  2 iguanas
  3 orc wizards
  7 adders
  7 gnolls
  A shadow imp (Gauntlet)
  6 white imps
  3 ufetubi (D:6)
  A dart slug (D:1)
  6 orcs
  11 ball pythons
  9 endoplasms
  A giant cockroach (D:2)
  7 goblins
  14 hobgoblins
  3 jackals (D:4)
  15 kobolds
  3 quokkas
  6 bats
  7 frilled lizards
  5 rats
229 creatures vanquished.

Vanquished Creatures (collateral kills)
  A centaur warrior (D:13)
  3 death yaks (Gauntlet)
  A boulder beetle (D:13)
  Urug (D:10)
  A skeletal warrior (D:13)
  An arcanist (Gauntlet)
  Pikel (D:8)
  A torpor snail (Gauntlet)
  2 kobold demonologists
  Psyche (D:8)
  2 trolls
  A hornet (D:8)
  6 yaks
  A shadow (D:13)
  3 vampire mosquitoes
  An acid dragon (D:9)
  3 ice beasts
  2 orc warriors
  2 wolves
  A phantom (D:6)
  4 kobold brigands
  A wight (D:10)
  2 killer bees (D:9)
  3 electric eels (D:10)
  2 howler monkeys
  A jelly (D:6)
  8 hounds
  An orc priest (D:5)
  2 iguanas (D:6)
  2 orc wizards
  A sleepcap (D:5)
  An adder (D:6)
  7 gnolls
  A white imp (Gauntlet)
  3 ufetubi
  7 orcs
  A jackal (D:4)
  9 kobolds
91 creatures vanquished.

Vanquished Creatures (others)
  8 battlemagi
  An ancestor (D:5)
9 creatures vanquished.

Grand Total: 329 creatures vanquished

Notes
Turn   | Place    | Note
-------+----------+-------------------------------------------
     0 | D:1      | Piptro the Formicid Fighter began the quest for the Orb.
     0 | D:1      | Reached XP level 1. HP: 18/18 MP: 1/1
   190 | D:1      | Reached XP level 2. HP: 20/24 MP: 2/2
   730 | D:1      | Reached XP level 3. HP: 29/29 MP: 3/3
  1535 | D:2      | Reached XP level 4. HP: 34/37 MP: 4/4
  2092 | D:2      | Found a hazy altar of Hepliaklqana.
  2099 | D:2      | Became a worshipper of Hepliaklqana the Forgotten
  2483 | D:3      | Reached skill level 3 in Axes
  2483 | D:3      | Reached skill level 5 in Shields
  2483 | D:3      | Reached XP level 5. HP: 41/42 MP: 5/5
  3639 | D:4      | Reached XP level 6. HP: 49/49 MP: 6/6
  3683 | D:4      | Noticed Edmund
  3696 | D:4      | Killed Edmund
  3697 | D:4      | Reached skill level 5 in Fighting
  3697 | D:4      | Reached skill level 4 in Axes
  3943 | D:4      | Reached * piety under Hepliaklqana
  4006 | D:4      | Reached XP level 7. HP: 42/50 MP: 7/7
  4404 | D:5      | Entered Level 5 of the Dungeon
  4416 | D:5      | Reached skill level 5 in Axes
  4510 | D:5      | Noticed Menkaure
  4523 | D:5      | Killed Menkaure
  4524 | D:5      | Reached skill level 6 in Axes
  4610 | D:5      | Reached XP level 8. HP: 49/57 MP: 8/8
  5007 | D:6      | Reached ** piety under Hepliaklqana
  5008 | D:6      | Remembered your ancestor biznutticus the G as a battlemage
  5021 | D:6      | Reached skill level 7 in Axes
  5109 | D:6      | Reached skill level 5 in Armour
  5239 | D:6      | Reached XP level 9. HP: 62/63 MP: 9/9
  5422 | D:6      | Found Zin's Purification Station.
  5453 | D:6      | Found a glowing silver altar of Zin.
  5852 | D:7      | Noticed a hornet
  5855 | D:7      | Killed a hornet
  6248 | D:7      | Found a staircase to the Ecumenical Temple.
  6316 | D:7      | Reached *** piety under Hepliaklqana
  6957 | D:8      | Noticed a hornet
  6963 | D:8      | Killed a hornet
  7199 | D:8      | Reached XP level 10. HP: 66/69 MP: 10/10
  7209 | D:8      | Reached skill level 10 in Armour
  7236 | D:8      | Noticed Erica
  7243 | D:8      | Killed Erica
  7257 | D:8      | Noticed Jeremiah
  7295 | D:8      | Killed Jeremiah
  7296 | D:8      | Reached skill level 10 in Shields
  7308 | D:8      | Noticed Psyche
  7314 | D:8      | Killed Psyche
  7438 | D:8      | Noticed Prince Ribbit
  7440 | D:8      | Killed Prince Ribbit
  7441 | D:8      | Reached skill level 1 in Invocations
  7698 | D:8      | Noticed Grum
  7709 | D:8      | Killed Grum
  7817 | D:8      | Noticed a two-headed ogre
  7817 | D:8      | Noticed Pikel
  7832 | D:8      | Killed a two-headed ogre
  7833 | D:8      | Reached skill level 8 in Axes
  7833 | D:8      | Reached XP level 11. HP: 75/75 MP: 11/13
  7841 | D:8      | Noticed Gastronok
  7867 | D:8      | You are sucked into a shaft and drop 2 floors!
  7867 | D:10     | Entered Level 10 of the Dungeon
  7867 | D:10     | Found a transporter.
  7867 | D:10     | Found a transporter.
  8185 | D:10     | Found a transporter.
  8185 | D:10     | Found a transporter.
  8617 | D:10     | Found a staircase to the Lair.
  8646 | D:10     | Reached skill level 9 in Axes
  8934 | D:10     | Got the Almanac of Beguiling
  9040 | D:10     | Found a transporter.
  9042 | D:10     | Found a transporter.
  9050 | D:10     | Noticed Urug
  9279 | D:10     | Killed Urug
  9876 | D:9      | Found a staircase to the Orcish Mines.
  9929 | D:9      | Reached skill level 5 in Invocations
  9947 | D:9      | Reached **** piety under Hepliaklqana
 10232 | D:9      | Noticed Erolcha
 10246 | D:9      | Killed Erolcha
 10247 | D:9      | Reached skill level 10 in Axes
 10366 | D:9      | Identified a scroll of acquirement
 10366 | D:9      | Acquired a +3 heavy battleaxe
 10727 | D:8      | Killed Gastronok
 10728 | D:8      | Reached XP level 12. HP: 47/84 MP: 16/16
 10813 | D:8      | Noticed Maurice
 10817 | D:8      | Killed Pikel
 10820 | D:8      | Killed Maurice
 11200 | D:11     | Reached skill level 11 in Axes
 11399 | D:11     | Found a gate leading to a gauntlet.
 11408 | Gauntlet | Entered a Gauntlet
 11408 | Gauntlet | Found a transporter.
 11409 | Gauntlet | Found a runed translucent gate.
 11409 | Gauntlet | Found a runed translucent gate.
 11410 | Gauntlet | Found a runed translucent gate.
 11420 | Gauntlet | Found a transporter.
 11423 | Gauntlet | Found a transporter.
 11424 | Gauntlet | Found a transporter.
 11428 | Gauntlet | Noticed an arcanist
 11432 | Gauntlet | Found a transporter.
 11435 | Gauntlet | Found a transporter.
 11436 | Gauntlet | Found a transporter.
 11439 | Gauntlet | Noticed a death yak
 11439 | Gauntlet | Noticed a death yak
 11439 | Gauntlet | Noticed a death yak
 11440 | Gauntlet | Noticed a death yak
 11441 | Gauntlet | Noticed a death yak
 11442 | Gauntlet | Noticed a death yak
 11444 | Gauntlet | Found a transporter.
 11447 | Gauntlet | Found a transporter.
 11448 | Gauntlet | Found a transporter.
 11455 | Gauntlet | Noticed a green death
 11460 | Gauntlet | Found a transporter.
 11460 | Gauntlet | Found a transporter.
 11461 | Gauntlet | Found a transporter.
 11463 | Gauntlet | Noticed an arcanist
 11463 | Gauntlet | Noticed an arcanist
 11473 | Gauntlet | Found a transporter.
 11479 | Gauntlet | Found a runed translucent door.
 11566 | Gauntlet | Gained mutation: You have hidden genetic defects. [a
                  | shining eye]
 11605 | Gauntlet | Killed an arcanist
 11784 | Gauntlet | Killed a death yak
 11788 | Gauntlet | Killed a death yak
 11788 | Gauntlet | Gained mutation: Your health recovers twice as slowly from
                  | being drained. [hidden defects]
 11789 | Gauntlet | Reached skill level 10 in Fighting
 11792 | Gauntlet | Killed a death yak
 11793 | Gauntlet | Reached skill level 12 in Axes
 11797 | Gauntlet | Killed a death yak
 11800 | Gauntlet | Killed a death yak
 11801 | Gauntlet | Reached XP level 13. HP: 39/92 MP: 19/19
 11803 | Gauntlet | Gained mutation: You occasionally lose the ability to drink
                  | potions when taking damage. [hidden defects]
 11803 | Gauntlet | Lost mutation: You have hidden genetic defects. [hidden
                  | defects expressed]
 11811 | Gauntlet | Lost mutation: You occasionally lose the ability to drink
                  | potions when taking damage. [potion of mutation]
 11811 | Gauntlet | Lost mutation: Your health recovers twice as slowly from
                  | being drained. [potion of mutation]
 11811 | Gauntlet | Gained mutation: Your mind is acute. (Int +4, Str/Dex -1)
                  | [potion of mutation]
 11811 | Gauntlet | Gained mutation: You possess an exceptional clarity of
                  | mind. [potion of mutation]
 12005 | Gauntlet | Killed a green death
 12101 | Gauntlet | Identified the +2 hat "Jeufuw" {rC+}
 12111 | Gauntlet | Identified the +6 acid dragon scales "Zosuw" {-Tele rN+
                  | rCorr Str+8}
 12111 | Gauntlet | Noticed a minotaur
 12121 | Gauntlet | Killed a minotaur
 12224 | Gauntlet | Identified the +4 rapier "Woixzuoz" {vamp, ^Drain Will+
                  | Str+5 Dex+2}
 12227 | Gauntlet | Got Kikubaaqudgha's Handbook of Despicable Magic
 12298 | D:11     | Reached ***** piety under Hepliaklqana
 12311 | D:11     | Reached skill level 13 in Axes
 13335 | D:12     | Reached skill level 10 in Invocations
 13406 | D:12     | Found a runed translucent door.
 13406 | D:12     | Found a shimmering altar of Xom.
 13406 | D:12     | Noticed jimmypageman's ghost (journeyman MiFi)
 13417 | D:12     | Killed jimmypageman's ghost
 13861 | D:13     | Noticed a centaur warrior
 13867 | D:13     | Killed a centaur warrior
 13892 | D:13     | HP: 2/142 [skeletal warrior/+2 dire flail of protection
                  | (26)]
 13893 | D:13     | Slain by a skeletal warrior

Illustrated notes

Levels and vault maps discovered:
D:1:      dpeg_arrival_rooms_a, layout_loops_ring, moated_statue
D:2:      layout_basic, basic_altar
D:3:      layout_basic, minmay_door_square
D:4:      layout_loops_ring, uniq_edmund
D:5:      layout_cave_pools, uniq_menkaure
D:6:      layout_cave_pools, zin_purify, kennysheep_generic_room_16
D:7:      layout_basic, minmay_temple_entry_tees
D:8:      layout_loops_cross, minivault_11, kennysheep_generic_room_3,
          uniq_psyche, uniq_jeremiah, uniq_pikel, uniq_grum, uniq_erica,
          uniq_prince_ribbit1, uniq_gastronok, uniq_maurice
D:9:      layout_layer_cave, minmay_orc_entry_guard_dogs, uniq_erolcha
D:10:     layout_roguey, erik_lair_island, chequers_serial_rivers_large_b,
          minivault_21, serial_nicolae_subway, nicolae_sub_station_crystal,
          nicolae_sub_station_metal, nicolae_sub_station_stone, uniq_urug
D:11:     layout_loops_corners, gauntlet_entry_generic
D:12:     layout_loops_cross, ebering_ghost_xom
D:13:     layout_loops_ring, serial_undead, serial_undead_b, serial_undead_f,
          serial_undead_b, serial_undead_b, beargit_hepliaklqana_dungeon_heroes

Skill      XL: |  1  2  3  4  5  6  7  8  9 10 11 12 13 |
---------------+----------------------------------------+-----
Fighting       | 4 5 6 7 8 10 11 | 11.0
Axes           | 3 4 6 7 8 10 12 13 | 13.2
Shields        | 5 6 8 10 11 | 11.4
Armour         | 4 6 9 11 12 | 12.6
Invocations    | 3 6 8 10 | 10.5

Action                     |  1- 3 |  4- 6 |  7- 9 | 10-12 | 13-15 || total
---------------------------+-------+-------+-------+-------+-------++-------
  Melee: War axe           |    94 |   137 |   105 |   111 |       ||   447
         Battleaxe         |       |       |       |   164 |    93 ||   257
 Invoke: Ancestor Identity |       |     1 |       |       |       ||     1
         Recall Ancestor   |       |       |     1 |       |       ||     1
         Ancestor Life: Ba |       |       |     1 |       |       ||     1
         Transference      |       |       |       |     1 |       ||     1
Ability: Dig               |     1 |       |       |     1 |       ||     2
         Shaft Self        |       |       |       |     1 |       ||     1
  Evoke: Wand              |       |       |       |     1 |       ||     1
         Phial of floods   |       |       |       |       |     1 ||     1
    Use: Scroll            |     1 |     5 |    13 |     5 |     3 ||    27
         Potion            |       |       |     1 |     1 |     6 ||     8
   Stab: Distracted        |       |       |     1 |     8 |     2 ||    11
 Armour: Scale mail        |    67 |    84 |    13 |       |       ||   164
         Chain mail        |       |       |    10 |    49 |    11 ||    70
         Plate armour      |       |       |    38 |    99 |       ||   137
         Acid dragon scale |       |       |       |       |    23 ||    23
         Skin              |       |       |       |       |    23 ||    23
  Dodge: Dodged            |    42 |    80 |    29 |    82 |    48 ||   281
  Block: Buckler           |    26 |    15 |       |       |       ||    41
         Kite shield       |       |    56 |    60 |   249 |   129 ||   494
         Reflection        |       |       |     1 |    13 |    11 ||    25
